 Dungeon Crawl Stone Soup version 0.18-a0-1343-g48c8f86 (webtiles) character file.

5672 Ratboiler the Destroyer (level 10, -4/78 HPs)
             Began as a Deep Elf Wanderer on Feb 16, 2016.
             Was a Believer of Vehumet.
             Slain by a killer bee (6 damage)
             ... on level 9 of the Dungeon.
             The game lasted 00:51:41 (13321 turns).

Ratboiler the Destroyer (Deep Elf Wanderer)        Turns: 13321, Time: 00:51:41

Health: -4/78      AC: 25    Str: 10    XL:     10   Next: 47%
Magic:  18/26      EV:  2    Int: 23    God:    Vehumet [**....]
Gold:   297        SH:  0    Dex: 14    Spells: 8 memorised, 7 levels left

rFire  . . .     SeeInvis .     a - +1 rapier of Quir {flame, Str+3} (curse)
rCold  . . .     Gourm    .     (armour currently unavailable)
rNeg   + + +     Faith    .     (no shield)
rPois  +         Spirit   .     (helmet currently unavailable)
rElec  .         Dismiss  .     (cloak currently unavailable)
rCorr  .         Reflect  .     (gloves currently unavailable)
SustAt .         Harm     .     (boots currently unavailable)
MR     +....     NoTele   +     (no amulet)
Stlth  ++++......               (no ring)
                                (no ring)

@: lethally poisoned (-4 -> -6), tree-form, repel missiles, somewhat resistant
to hostile enchantments, stealthy
A: no striking features
a: Renounce Religion


You were on level 9 of the Dungeon.
You worshipped Vehumet.
Vehumet was pleased with you.
You were not hungry.
You were a tree.
You visited 2 branches of the dungeon, and saw 11 of its levels.
You also visited: Sewer.

You collected 582 gold pieces.
You spent 285 gold pieces at shops.

Inventory:

Hand Weapons
 a - the cursed +1 rapier of Quir (weapon) {flame, Str+3}
   (You found it on level 6 of the Dungeon)

   It has been specially enchanted to burn those struck by it, causing extra
   injury to most foes and up to half again as much damage against particularly
   susceptible opponents.
   It affects your strength (+3).
   It has a curse placed upon it.
 b - a +0 blowgun
 K - a +1 hand axe of venom
 W - a +0 trident of protection
Missiles
 c - 9 poisoned arrows
 g - 11 arrows of flame
 j - 3 needles of frenzy
 k - 301 stones (quivered)
 u - 40 poisoned needles
 J - 6 javelins
Armour
 l - a +0 helmet (melded)
 r - the +1 pair of gloves "Aprabi" (melded) {Str-3 Int+3 Dex+3 Stlth+}
   (You bought it in a shop on level 5 of the Dungeon)

   It affects your strength (-3).
   It affects your intelligence (+3).
   It affects your dexterity (+3).
   It makes you more stealthy.
 w - a +3 leather armour
 H - a +2 robe of magic resistance (melded)
 O - a +0 cloak (melded)
Magical Staves
 S - an uncursed staff of cold {unknown}
Jewellery
 G - an uncursed amulet of rage
Wands
 v - a wand of digging (1/24)
 I - a wand of lightning (3/15)
 M - a wand of confusion (0/48)
 R - a wand of disintegration (7/24)
 T - a wand of lightning (5/15)
Scrolls
 h - 2 scrolls of enchant weapon
 i - 4 scrolls of recharging
 p - 6 scrolls of remove curse
 q - 2 scrolls of magic mapping
 x - a scroll of noise
 z - a scroll of immolation
 V - a scroll of enchant armour {unknown}
Potions
 d - a potion of brilliance {unknown}
 n - a potion of experience {unknown}
 o - 2 potions of ambrosia
 A - a potion of flight {unknown}
 B - 2 potions of heal wounds {unknown}
 C - 4 potions of magic
 E - a potion of might {unknown}
 F - a potion of lignification
 L - a potion of degeneration {unknown}
 P - a potion of invisibility {unknown}
Books
 e - a book of Air

   Spells                             Type                      Level
   a - Shock                          Conjuration/Air              1
   b - Swiftness                      Charms/Air                   2
   c - Repel Missiles                 Charms/Air                   2
   d - Static Discharge               Conjuration/Air              3
   e - Lightning Bolt                 Conjuration/Air              5
 D - the Papyrus of Changing

   Spells                             Type                      Level
   a - Beastly Appendage              Transmutation                1
   b - Ignite Poison                  Fire/Transmutation/Poison    3
 Q - an Akashic Record

   Spells                             Type                      Level
   a - Dispersal                      Translocation                6
   b - Malign Gateway                 Summoning/Translocation      7
   c - Disjunction                    Translocation                8
   d - Controlled Blink               Translocation                8
 U - a book of Geomancy

   Spells                             Type                      Level
   a - Sandblast                      Earth                        1
   b - Passwall                       Transmutation/Earth          2
   c - Stone Arrow                    Conjuration/Earth            3
   d - Petrify                        Transmutation/Earth          4
   e - Lee's Rapid Deconstruction     Earth                        5
Comestibles
 f - 4 bread rations
 t - 4 meat rations
 N - a beef jerky


   Skills:
 - Level 1.4 Fighting
 - Level 5.0 Stealth
 + Level 10.0 Spellcasting
 + Level 10.9 Conjurations
 - Level 1.5 Charms
 - Level 3.2 Transmutations
 - Level 8.9 Air Magic
 - Level 1.1 Evocations


You had 7 spell levels left.
You knew the following spells:

 Your Spells              Type           Power        Failure   Level  Hunger
a - Shock                 Conj/Air       ####         1%          1    None
b - Repel Missiles        Chrm/Air       #####.       1%          2    None
c - Swiftness             Chrm/Air       #####...     1%          2    None
d - Static Discharge      Conj/Air       ######..     1%          3    None
e - Ignite Poison         Fire/Trmt/Pois ###.....     12%         3    None
f - Stone Arrow           Conj/Erth      #####.       1%          3    None
g - Dazzling Spray        Conj/Hex       #####...     1%          3    None
h - Lightning Bolt        Conj/Air       ######....   3%          5    ####...


Dungeon Overview and Level Annotations

Branches:
Dungeon (10/15)            Temple (1/1) D:4
   Lair: D:8-11         Orc: D:9-12

Altars:
Ashenzari
Dithmenos
Elyvilon
Gozag
Kikubaaqudgha
Ru
Sif Muna
Trog
Vehumet
Yredelemnul
The Shining One

Shops:
D:5 [   D:7 =

Annotations:
D:4 Azragoth's ghost, novice HOFi
D:6 Menkaure


Message History

The killer bee is struck by lightning.
The killer bee is almost dead.
The lightning arcs!
You are struck by lightning.
* * * LOW HITPOINT WARNING * * *
The lightning grounds out.
The killer bee stings you.
* * * LOW HITPOINT WARNING * * *
The killer bee stings you.
* * * LOW HITPOINT WARNING * * *
You are lethally poisoned!
The killer bee poisons you!
Drink which item? (? for menu, Esc to quit)
It was a potion of lignification.
You turn into a tree.
Your +0 cloak melds into your body.
Your +0 helmet melds into your body.
The +1 pair of gloves "Aprabi" {Str-3 Int+3 Dex+3 Stlth+} melds into your body.
Your +2 robe of magic resistance melds into your body.
You feel less resistant to hostile enchantments.
Your roots penetrate the ground.
* * * LOW HITPOINT WARNING * * *
You feel sick. The killer bee stings you.
You die...

##############
#######
#...........♣#
#.....#
#.##########y#
#.###.## #.# #o# #.#
#... #.# ##.## ###
#.###.#. #.#
######...###.##
#.....#. #.#
#......#....#.#
###..##.
#.####.##.#...##..##
#..##.
#.#....##.##.###..#
#..##.
#.#.#####.##.# #).#
#..##.


You could see a killer bee and an orc.

Vanquished Creatures
  Maurice (D:8)
  A wyvern (D:9)
  A basilisk (D:10)
  3 yaks
  2 hippogriffs
  Duvessa (D:5)
  3 porcupines (D:10)
  2 black bears
  An ice beast (D:7)
  An orc warrior (D:8)
  3 phantoms
  2 ogres
  2 centaurs
  3 crocodiles (D:10)
  8 giant frogs
  2 scorpions
  Dowan (D:5)
  16 killer bees
  A wight (D:7)
  6 crimson imps
  A centaur zombie (D:7)
  A quasit (D:9)
  A centaur skeleton (D:6)
  7 hounds
  5 orc priests (D:8)
  3 jellies
  5 orc wizards
  3 iguanas
  3 worker ants
  A killer bee zombie (D:6)
  A hound zombie (D:7)
  5 hound skeletons
  A worker ant zombie (D:5)
  12 adders
  4 gnolls (D:3)
  2 river rats (D:10)
  A shadow imp (D:7)
  An ooze (D:5)
  2 adder skeletons
  4 giant geckos
  16 orcs
  5 ball pythons
  6 giant cockroaches
  4 hobgoblins (D:2)
  5 jackals
  9 quokkas
  12 bats
  11 giant newts
  8 goblins
  10 kobolds
  2 quokka skeletons
  8 rats
219 creatures vanquished.

Vanquished Creatures (others)
  A bush (D:10)
  9 plants (D:10)
10 creatures vanquished.

Grand Total: 229 creatures vanquished

Notes
Turn   | Place    | Note
--------------------------------------------------------------
     0 | D:1      | Ratboiler the Deep Elf Wanderer began the quest for the Orb.
     0 | D:1      | Ratboiler set off with: a book of Air, the Papyrus of Changing, a +0 robe, a +0 dagger, a bread ration
     0 | D:1      | Reached XP level 1. HP: 10/10 MP: 7/7
     0 | D:1      | Identified the Papyrus of Changing
     2 | D:1      | Learned a level 1 spell: Shock
     8 | D:1      | Noticed a komodo dragon
     8 | D:1      | Noticed a five-headed hydra
     9 | D:1      | Noticed a salamander
     9 | D:1      | Noticed a hog
   165 | D:1      | Reached skill level 1 in Conjurations
   243 | D:1      | Reached XP level 2. HP: 16/16 MP: 6/9
   247 | D:1      | Learned a level 2 spell: Repel Missiles
   250 | D:1      | Learned a level 2 spell: Swiftness
   366 | D:1      | Reached skill level 1 in Fighting
   937 | D:2      | Reached XP level 3. HP: 20/20 MP: 4/10
  1122 | D:2      | Learned a level 3 spell: Static Discharge
  1584 | D:2      | Found a bloodstained altar of Trog.
  1956 | D:3      | Reached XP level 4. HP: 22/25 MP: 0/12
  2157 | D:3      | Found an opulent altar of Gozag.
  2285 | D:3      | Learned a level 3 spell: Ignite Poison
  2440 | D:3      | Reached skill level 5 in Spellcasting
  2899 | D:3      | Reached XP level 5. HP: 27/29 MP: 7/14
  3337 | D:4      | Found a staircase to the Ecumenical Temple.
  3346 | Temple   | Entered the Ecumenical Temple
  3363 | Temple   | Became a worshipper of Vehumet
  3777 | D:4      | Noticed Azragoth's ghost (novice HOFi)
  3925 | D:4      | Noticed an ice beast
  4000 | D:5      | Entered Level 5 of the Dungeon
  4000 | D:5      | Noticed Duvessa
  4000 | D:5      | Noticed Dowan
  4000 | D:5      | Noticed a centaur
  4330 | D:5      | Found a glowing drain.
  4363 | Sewer    | Entered a sewer
  4735 | Sewer    | Reached XP level 6. HP: 34/34 MP: 12/15
  5026 | D:5      | Noticed a sky beast
  5251 | D:5      | Reached skill level 6 in Spellcasting
  5397 | D:5      | Killed Dowan
  5523 | D:5      | Reached XP level 7. HP: 38/38 MP: 13/18
  5572 | D:5      | Found a shadowy altar of Dithmenos.
  5582 | D:5      | Found Feewnuji's Antique Armour Emporium.
  5586 | D:5      | Bought a pair of jewelled gloves for 285 gold pieces
  5596 | D:5      | Identified the +1 pair of gloves "Aprabi" {Str-3 Int+3 Dex+3 Stlth+} (You bought it in a shop on level 5 of the Dungeon)
  6030 | D:5      | Killed Duvessa
  6030 | D:5      | Reached skill level 5 in Conjurations
  6274 | D:5      | Reached skill level 7 in Spellcasting
  6810 | D:6      | Reached skill level 8 in Spellcasting
  7105 | D:6      | Noticed a hippogriff
  7146 | D:5      | Reached * piety under Vehumet
  7146 | D:5      | Offered knowledge of Flame Tongue by Vehumet.
  7264 | D:6      | Noticed Menkaure
  7340 | D:6      | Reached XP level 8. HP: 38/43 MP: 16/22
  7401 | D:6      | Got a warped rapier
  7402 | D:6      | Identified the cursed +1 rapier of Quir {flame, Str+3} (You found it on level 6 of the Dungeon)
  7446 | D:6      | Reached skill level 5 in Air Magic
  8514 | D:7      | Found Raemypn's Jewellery Shoppe.
  9561 | D:8      | Noticed Maurice
 10056 | D:8      | Found an ancient bone altar of Kikubaaqudgha.
 10063 | D:8      | Reached XP level 9. HP: 47/47 MP: 18/23
 10094 | D:8      | Found a deep blue altar of Sif Muna.
 10095 | D:8      | Found a sacrificial altar of Ru.
 10096 | D:8      | Found a shattered altar of Ashenzari.
 10098 | D:8      | Found a white marble altar of Elyvilon.
 10443 | D:8      | Offered knowledge of Throw Flame by Vehumet.
 10446 | D:8      | Reached ** piety under Vehumet
 11335 | D:8      | Killed Maurice
 11335 | D:8      | Reached skill level 9 in Conjurations
 11347 | D:8      | Learned a level 3 spell: Stone Arrow
 11372 | D:9      | Reached skill level 5 in Stealth
 12018 | D:9      | Reached XP level 10. HP: 52/52 MP: 16/24
 12240 | D:9      | Reached skill level 10 in Conjurations
 12354 | D:10     | Entered Level 10 of the Dungeon
 13056 | D:10     | Offered knowledge of Dazzling Spray by Vehumet.
 13253 | D:10     | Learned a level 3 spell: Dazzling Spray
 13259 | D:10     | Learned a level 5 spell: Lightning Bolt
 13313 | D:9      | HP: 1/52 [killer bee (3)]
 13318 | D:9      | Reached skill level 10 in Spellcasting
 13320 | D:9      | HP: 2/52 [killer bee (4)]
 13321 | D:9      | Slain by a killer bee

Vault maps used:
D:1:      onia_arrival_zoo_common
D:2:      lemuel_coloured_pillars_altar
D:3:      nicolae_overflow_crystal_walls, eino_tiny_chamber,
          minmay_misc_feat_secret_circle, kennysheep_generic_room_13
D:4:      minmay_temple_entry_purple_smoke
D:5:      kennysheep_mini_moat, first_bread, portal_sewer_entry_d, serial_shops,
          nicolae_shop_stone, st_stairs_13, serial_park_tiny_1, kennysheep_nub,
          hangedman_abyss_or_decor_stagger, nrook_uturn, uniq_duvessa
D:6:      uniq_menkaure
D:7:      serial_shops, shop
D:8:      minitemple, serial_bayou, serial_bayou_pond_d,
          minmay_misc_feat_columns, uniq_maurice
D:10:     minmay_lair_entry_grove, enter_trove_2, david_nohive_1
Temple:   jpeg_temple_clearing_12
Sewer:    sewer_co_cracked_pipes

Action                   |  1- 3 |  4- 6 |  7- 9 | 10-12 || total
-------------------------+-------+-------+-------+-------++-------
Melee: Hand axe          |     8 |     2 |     2 |       ||    12
       Rapier            |       |       |     8 |     6 ||    14
 Cast: Shock             |    88 |   126 |   247 |    76 ||   537
       Repel Missiles    |     1 |     2 |     1 |       ||     4
       Static Discharge  |     2 |    23 |    66 |    24 ||   115
       Ignite Poison     |       |     3 |       |       ||     3
       Swiftness         |       |       |     1 |       ||     1
       Stone Arrow       |       |       |     8 |     6 ||    14
       Dazzling Spray    |       |       |       |     5 ||     5
Evoke: Wand              |       |       |    15 |     1 ||    16
  Use: Scroll            |       |     8 |     7 |     4 ||    19
       Potion            |       |       |       |    12 ||    12
  Eat: Chunk             |     3 |     7 |     3 |     4 ||    17
       Meat ration       |       |     1 |     2 |       ||     3
       Bread ration      |       |       |     1 |       ||     1
       Royal jelly       |       |       |     1 |       ||     1
